 Dungeon Crawl Stone Soup version 0.29.1-2-gbd0b4ee654 (webtiles) character file.

Game seed: 4743135821286726423

81 fireball365 the Chopper (level 4, -2/40 HPs)
             Began as a Hill Orc Fighter on Oct 30, 2022.
             Slain by Ijyb
             ... wielding a +0 club
              (7 damage)
             ... on level 3 of the Dungeon.
             The game lasted 00:06:40 (2152 turns).

fireball365 the Chopper (Hill Orc Fighter)          Turns: 2152, Time: 00:06:40

Health: -2/40      AC:  0    Str: 20    XL:     4   Next: 42%
Magic:  4/4        EV: 17    Int:  8    God:
Gold:   111        SH:  0    Dex: 15    Spells: 3/3 levels left

rFire   . . .      SeeInvis .   (weapon currently unavailable)
rCold   . . .      Faith    .   (shield currently unavailable)
rNeg    . . .      Spirit   .   (body armour currently unavailable)
rPois   .          Reflect  .   (helmet currently unavailable)
rElec   .          Harm     .   (cloak currently unavailable)
rCorr   .          Rampage  .   (gloves currently unavailable)
Will    .....                   (boots currently unavailable)
Stlth   +.........              (no amulet)
HPRegen 0.13/turn               (ring currently unavailable)
MPRegen 0.09/turn               (ring currently unavailable)

@: bat-form, flying, very quick
A: fast, flying, no casting, tiny
a: no special abilities


You were on level 3 of the Dungeon.
You were a bat.
You visited 1 branch of the dungeon, and saw 3 of its levels.

You collected 111 gold pieces.

Inventory:

Hand Weapons
 a - a +0 war axe
 h - a +0 great mace (melded)
Missiles
 i - 6 poisoned darts (quivered)
 j - 27 stones
Armour
 b - a +0 scale mail (melded)
 c - a +0 buckler
 w - a +0 pair of gloves (melded)
Scrolls
 e - 2 scrolls of identify {unknown}
 g - a scroll of magic mapping {unknown}
 k - a scroll of noise {unknown}
 m - a scroll of enchant weapon {unknown}
 n - a scroll of silence {unknown}
 o - a scroll of amnesia {unknown}
 p - a scroll of blinking {unknown}
 r - a scroll of immolation
 s - a scroll of poison {unknown}
 u - a scroll of summoning {unknown}
 v - 2 scrolls of teleportation
 y - 3 scrolls of enchant armour {unknown}
 z - a scroll of vulnerability {unknown}
Potions
 d - a potion of might
 f - 3 potions of degeneration {unknown}
 l - a potion of resistance {unknown}
 q - a potion of heal wounds {unknown}
 t - a potion of mutation {unknown}
 x - 2 potions of curing {unknown}


   Skills:
 - Level 3.8 Fighting
 - Level 4.7(4.8) Axes
 * Level 0.2(2.4) Maces & Flails
 + Level 4.1 Armour
 - Level 3.4 Shields


You had 3 spell levels left.
You didn't know any spells.
Your spell library contained the following spells:

 Spells                   Type           Power      Damage    Failure   Level
 Ensorcelled Hibernation  Hex/Ice        0%         N/A       54%         2
 Spider Form              Tmut/Pois      0%         N/A       78%         3
 Anguish                  Hex/Necr       0%         N/A       99%         4


Dungeon Overview and Level Annotations

Branches:
Dungeon (3/15)

Altars:
Cheibriados

Annotations:
D:3 Ijyb


Message History

You hit Ijyb.
Ijyb is moderately wounded.
Ijyb hits you with a +0 club.
You hit Ijyb but do no damage.
Ijyb is moderately wounded.
Ijyb hits you with a +0 club.
You hit Ijyb.
Ijyb is heavily wounded.
You hit Ijyb but do no damage.
Ijyb is heavily wounded.
Ijyb hits you with a +0 club!
You hit Ijyb.
Ijyb is heavily wounded.
Ijyb barely misses you.
You hit Ijyb but do no damage.
Ijyb is heavily wounded.
Ijyb closely misses you.
You hit Ijyb.
Ijyb is heavily wounded.
Ijyb closely misses you.
You hit Ijyb but do no damage.
Ijyb is heavily wounded.
Ijyb barely misses you.
You hit Ijyb.
Ijyb is severely wounded.
Ijyb hits you with a +0 club.
* * * LOW HITPOINT WARNING * * *
You hit Ijyb but do no damage.
Ijyb is severely wounded.
Ijyb hits you with a +0 club.
* * * LOW HITPOINT WARNING * * *
The dart slug briefly extends its eye-stalks.
You barely miss Ijyb.
Ijyb is severely wounded.
Ijyb hits you with a +0 club.
* * * LOW HITPOINT WARNING * * *
You hit Ijyb but do no damage.
Ijyb is severely wounded.
Ijyb hits you with a +0 club!
You die...

#.##....# #.......# .
####....# .. #....# ...
#....# ... ###...## ..
#.....## #.
#.##########.##...##
#.###wgb..........#.#...
######.....#.########..#.#..#
........##.#.# #..#.#>..
........##.####### #..#.#...
.................####..#.#...
.........g.......#...÷.....##
..........r......#.###.#####
.......†.g.......#.........#
.................#.........##


You could see Ijyb and a dart slug.

Vanquished Creatures
  An iron imp (D:3)
  An adder (D:2)
  2 worms
  4 dart slugs
  3 bats
  2 endoplasms (D:2)
  A giant cockroach (D:1)
  2 goblins
  3 hobgoblins
  2 kobolds (D:2)
  2 quokkas
  A ball python (D:2)
  2 frilled lizards
  6 rats
32 creatures vanquished.

Notes
Turn   | Place    | Note
-------+----------+-------------------------------------------
     0 | D:1      | fireball365 the Hill Orc Fighter began the quest for the
                  | Orb.
     0 | D:1      | Reached XP level 1. HP: 19/19 MP: 1/1
   440 | D:1      | Reached XP level 2. HP: 27/27 MP: 2/2
  1030 | D:2      | Reached XP level 3. HP: 25/33 MP: 3/3
  1539 | D:3      | Noticed Ijyb
  1785 | D:3      | Found a snail-covered altar of Cheibriados.
  1798 | D:3      | Reached XP level 4. HP: 18/40 MP: 4/4
  2019 | D:3      | Found a faded altar of an unknown god.
  2152 | D:3      | Slain by Ijyb

Illustrated notes

Levels and vault maps discovered:
D:1:      spicycebolla_arrival_xxxplode, layout_rooms, corexii_leaking_fountain,
          nicolae_hexahallways
D:2:      layout_basic
D:3:      layout_basic, slow_altar_1, ebering_ecumenical_altar_mist,
          serial_shops, nicolae_shop_bloodbath_and_beyond, grunt_decor_junction,
          uniq_ijyb

Skill      XL: |  1  2  3 |
---------------+----------+-----
Axes           | 3 4 |  4.7
Armour         | 4 |  4.1
Fighting       | |  3.8
Maces & Flails | |  0.2
Shields        | |  3.4

Action                   |  1- 3 |  4- 6 || total
-------------------------+-------+-------++-------
Melee: War axe           |    50 |     1 ||    51
       Unarmed           |    10 |    21 ||    31
       Great mace        |       |    22 ||    22
  Use: Scroll            |     2 |     1 ||     3
Armor: Scale mail        |    40 |    12 ||    52
Dodge: Dodged            |    64 |    28 ||    92
Block: Buckler           |    16 |     1 ||    17
